 Dungeon Crawl Stone Soup version bcrawl-1.28.1b (webtiles) character file.

Game seed: 6781912449714036226

230143 Morbidden the Ducker (level 7, -2/58 HPs)
             Began as a Hill Orc Archaeologist on Dec 24, 2020.
             Slain by an ogre
             ... wielding a +0 giant club
              (23 damage)
             ... on level 4 of the Dungeon.
             The game lasted 00:06:08 (3695 turns).

Morbidden the Ducker (Hill Orc Archaeologist)       Turns: 3695, Time: 00:06:08

Health: -2/58      AC:  9    Str: 16    XL:     7   Next: 72%
Magic:  10/10      EV: 14    Int: 14    God:
Gold:   228        SH:  0    Dex:  9    Spells: 10/10 levels left

rFire    + . .     SeeInvis .   x - +0 spear
rCold    x . .     Gourm    .   (no shield)
rNeg     . . .     Faith    .   b - +1 robe
rPois    +         Spirit   .   c - +1 hat
rElec    .         Reflect  .   l - +0 cloak
rCorr    .         Harm     .   h - +1 pair of gloves (curse)
MR       .....                  d - +1 pair of boots
Stlth    ++........             f - amulet of regeneration
HPRegen  0.49/turn              i - ring of Ejuebuinuo {Fire rPois}
MPRegen  0.12/turn              (no ring)

@: no status effects
A: no striking features
a: no special abilities


You were on level 4 of the Dungeon.
You were not hungry.

You visited 1 branch of the dungeon, and saw 4 of its levels.

You collected 228 gold pieces.

Inventory:

Hand Weapons
 x - a +0 spear (weapon)
Missiles
 t - a throwing net {=f}
Armour
 b - a +1 robe (worn)
 c - a +1 hat (worn)
 d - a +1 pair of boots (worn)
 h - a cursed +1 pair of gloves (worn)
 l - a +0 cloak (worn)
Jewellery
 f - an amulet of regeneration (around neck)
 i - the ring of Ejuebuinuo (left hand) {Fire rPois}
   (You found it on level 1 of the Dungeon)

   [ring of fire]

   It enhances your fire magic.
   It protects you from fire.
   It makes you vulnerable to cold.
   It protects you from poison.
Wands
 y - a wand of polymorph (6)
Scrolls
 g - 2 scrolls of magic mapping
 j - 3 scrolls of enchant armour
 n - 2 scrolls of remove curse {unknown}
 o - 2 scrolls of enchant weapon {unknown}
 r - 3 scrolls of teleportation {unknown}
Potions
 a - a potion of ambrosia {unknown}
 k - a potion of brilliance {unknown}
 m - 3 potions of mutation
 p - a potion of berserk rage {unknown}
 q - 2 potions of might {unknown}
 s - 5 potions of curing {unknown}
 v - a potion of resistance {unknown}
 w - a potion of lignification {unknown}
Comestibles
 e - 10 rations {!d}


   Skills:
 * Level 3.9 Fighting
   Level 3.9 Short Blades
   Level 3.9 Long Blades
   Level 3.9 Axes
   Level 3.9 Maces & Flails
   Level 3.9 Polearms
   Level 3.9 Staves
 * Level 5.3 Dodging
 + Level 3.6 Stealth
   Level 3.9 Unarmed Combat
 * Level 2.3 Spellcasting


You had 10 spell levels left.
You didn't know any spells.
Your spell library was empty.

Dungeon Overview and Level Annotations

Branches:
Dungeon (4/12)
 Temple: D:4-7

Altars:
Dithmenos
Hepliaklqana
Lugonu
Ru
Sif Muna
Xom


Message History

You hit the ogre but do no damage.
The ogre is moderately wounded.
The ogre hits you with a +0 giant club!
You hit the ogre.
The ogre is heavily wounded.
The ogre closely misses you.
You hit the ogre.
The ogre is severely wounded.
You hit the ogre.
The ogre is severely wounded.
The ogre hits you with a +0 giant club!
You barely miss the ogre.
The ogre is severely wounded.
The ogre completely misses you.
You hit the ogre.
The ogre is severely wounded.
You hit the ogre but do no damage.
The ogre is severely wounded.
The ogre hits you with a +0 giant club!!
You die...

...$..###..## #...##### #.##
#.........# ###.....# #..#
##.#..###.##########.# ##.# #..#
#.....### #.#### #...
#.........#####.O.####..[.# #...
#.............>.....##....# #...
#.....##.########....##...# #...
#.?... #.##########.......# #...
#..... ........@O.[......# #...
#..>.. ###..######.###...# #...
#..[..#####..........##.[.####...
##.....##.....#..#......##.#
##..######.....##.....##..#..
##..## ##########..........
####..## ########... .....####
###. ###≈≈≈≈≈# #.


You could see an ogre.

Vanquished Creatures
  A hippogriff (D:4)
  3 ogres (D:4)
  2 crimson imps (D:4)
  A centaur zombie (D:4)
  A centaur skeleton (D:4)
  A worker ant (D:4)
  A worker ant zombie (D:4)
  4 adders
  3 gnolls
  An ooze (D:2)
  An adder zombie (D:4)
  2 adder skeletons (D:4)
  A worm (D:2)
  3 dart slugs
  4 leopard geckos
  5 bats
  4 giant cockroaches
  5 goblins
  A hobgoblin (D:1)
  5 jackals
  6 kobolds
  2 quokkas
  A ball python (D:2)
  3 frilled lizards
  4 rats
65 creatures vanquished.

Notes
Turn   | Place    | Note
-------+----------+-------------------------------------------
     0 | D:1      | Morbidden the Hill Orc Archaeologist began the quest for
                  | the Orb.
     0 | D:1      | Reached XP level 1. HP: 16/16 MP: 1/1
   125 | D:1      | Got a faintly glowing golden ring
   141 | D:1      | Identified the ring of Ejuebuinuo {Fire rPois} (You found
                  | it on level 1 of the Dungeon)
   300 | D:1      | Reached XP level 2. HP: 22/24 MP: 2/2
   923 | D:1      | Reached XP level 3. HP: 21/29 MP: 3/3
  1198 | D:2      | Reached skill level 3 in Dodging
  1412 | D:2      | Reached XP level 4. HP: 17/36 MP: 5/5
  1515 | D:2      | Found a shimmering altar of Xom.
  1821 | D:1      | Reached skill level 1 in Spellcasting
  2046 | D:3      | Found a corrupted altar of Lugonu.
  2514 | D:3      | Found a sacrificial altar of Ru.
  2571 | D:3      | Found a faded altar of an unknown god.
  2851 | D:4      | Noticed a hippogriff
  2877 | D:3      | Reached XP level 5. HP: 24/41 MP: 6/6
  2877 | D:3      | Identified a scroll of acquirement
  2977 | D:4      | Noticed an ogre
  2990 | D:4      | HP: 2/41 [ogre/+0 giant club (9)]
  2992 | D:4      | Killed an ogre
  2993 | D:4      | Reached skill level 4 in Dodging
  3068 | D:4      | Noticed a shadow
  3069 | D:4      | Found a shadowy altar of Dithmenos.
  3071 | D:4      | Found a hazy altar of Hepliaklqana.
  3145 | D:4      | Noticed an ogre
  3162 | D:4      | Killed an ogre
  3163 | D:4      | Reached XP level 6. HP: 36/50 MP: 8/8
  3331 | D:4      | Reached XP level 7. HP: 44/57 MP: 10/10
  3410 | D:4      | Killed a hippogriff
  3411 | D:4      | Reached skill level 5 in Dodging
  3593 | D:4      | Found a shimmering blue altar of Sif Muna.
  3659 | D:4      | Noticed a troll
  3695 | D:4      | Slain by an ogre

Skill      XL: |  1  2  3  4  5  6  7 |
---------------+----------------------+-----
Stealth        | 3 |  3.6
Dodging        | 3 4 5 |  5.3
Fighting       | 2 3 |  3.9
Spellcasting   | 1 2 |  2.3
Short Blades   | |  3.9
Long Blades    | |  3.9
Axes           | |  3.9
Maces & Flails | |  3.9
Polearms       | |  3.9
Staves         | |  3.9
Unarmed Combat | |  3.9

Action                   |  1- 3 |  4- 6 |  7- 9 || total
-------------------------+-------+-------+-------++-------
Melee: Whip              |   176 |    69 |       ||   245
       Spear             |       |   150 |   138 ||   288
       Punch             |       |     2 |     3 ||     5
  Use: Scroll            |       |     3 |       ||     3
 Stab: Sleeping          |     1 |     2 |     2 ||     5
       Distracted        |       |     1 |       ||     1
  Eat: Chunk             |     5 |    12 |     5 ||    22
Armor: Robe              |    63 |    56 |    43 ||   162
Dodge: Dodged            |   126 |   116 |    88 ||   330
